 Dungeon Crawl Stone Soup version 0.17-a0-1617-gfba1302 (webtiles) character file.

11176 matakusis the Carver (level 11, -19/84 HPs)
             Began as a Demonspawn Gladiator on July 17, 2015.
             Was a Priest of Qazlal.
             Killed from afar by a fire drake (27 damage)
             ... with a blast of flame
             ... on level 2 of the Lair of Beasts on Aug 1, 2015.
             The game lasted 01:16:56 (9896 turns).

matakusis the Carver (Demonspawn Gladiator)         Turns: 9896, Time: 01:16:56

Health: -19/84     AC:  8    Str: 20      XL:     11   Next: 45%
Magic:  9/11       EV: 21    Int: 11 (12) God:    Qazlal [***...]
Gold:   374        SH:  6    Dex: 15      Spells: 2 memorised, 5 levels left

rFire  . . .     SeeInvis .     i - +8 great sword of Revolt {venom, Str+3}
rCold  . . .     Clarity  .     x - +2 robe {rN+}
rNeg   + . .     SustAt   .     (no shield)
rPois  .         Gourm    .     (helmet restricted)
rElec  .         Spirit   .     (no cloak)
rCorr  .         Warding  .     c - +1 pair of gloves
rMut   .         Stasis   .     (no boots)
MR     .....                    (no amulet)
Stlth  +.........               M - +2 ring of intelligence
                                p - +4 ring of evasion

@: lethally poisoned (-19 -> -22), not resistant to hostile enchantments, very
unstealthy
A: horns 1, large bone plates 1, demonic guardian 1, deterioration 1, foul
stench 1, rot immunity, subdued magic 1, MP-powered wands
a: Upheaval, Elemental Force, Renounce Religion


You were on level 2 of the Lair of Beasts.
You worshipped Qazlal.
Qazlal was most pleased with you.
You were not hungry.

You visited 3 branches of the dungeon, and saw 12 of its levels.

You collected 516 gold pieces.
You spent 142 gold pieces at shops.

Inventory:

Hand weapons
 i - the +8 great sword of Revolt (weapon) {venom, Str+3}
   (You found it on level 4 of the Dungeon)

   It poisons the flesh of those it strikes.
   It affects your strength (+3).
 m - a +1 whip of electrocution
Missiles
 d - 5 throwing nets (quivered)
 D - 12 tomahawks
Armour
 c - a +1 pair of gloves (worn)
 w - the +1 robe "Zonushrui" {rElec rF- SInv}
   (You bought it in a shop on level 4 of the Dungeon)

   It makes you vulnerable to fire.
   It insulates you from electricity.
   It lets you see invisible.
 x - a +2 robe of positive energy (worn)
 N - a +0 shield
Magical staves
 s - an uncursed staff of conjuration
 v - an uncursed staff of death
Jewellery
 k - an uncursed ring of magical power
 p - a +4 ring of evasion (left hand)
 F - an uncursed ring of flight
 J - an uncursed ring of invisibility
 L - an uncursed ring of protection from fire
 M - a +2 ring of intelligence (right hand)
Magical devices
 j - a wand of frost (34)
 u - a wand of flame (25)
 y - a wand of paralysis (9)
 I - a wand of slowing (6)
Scrolls
 b - a scroll of identify
 e - a scroll of recharging
 g - 3 scrolls of remove curse
 t - a scroll of amnesia
 z - a scroll of enchant armour
 E - a scroll of teleportation
 G - 2 scrolls of fear
 O - a scroll of enchant weapon {unknown}
Potions
 h - a potion of berserk rage
 n - 3 potions of haste
 o - 5 potions of curing
 q - 2 potions of brilliance
 A - a potion of lignification
 C - 2 potions of degeneration {unknown}
 H - 3 potions of mutation {unknown}
 K - 2 potions of heal wounds
Books
 a - a book of Summonings

   Spells                             Type                      Level
   a - Recall                         Summoning/Translocation      3
   b - Aura of Abjuration             Summoning                    5
   c - Shadow Creatures               Summoning                    5
   d - Summon Demon                   Summoning                    5
   e - Summon Forest                  Summoning/Translocation      5
   f - Summon Mana Viper              Hexes/Summoning              5
 r - a book of Callings

   Spells                             Type                      Level
   a - Summon Small Mammal            Summoning                    1
   b - Call Imp                       Summoning                    2
   c - Call Canine Familiar           Summoning                    3
   d - Summon Guardian Golem          Hexes/Summoning              3
   e - Summon Lightning Spire         Summoning/Air                4
   f - Summon Ice Beast               Ice/Summoning                4
Comestibles
 f - 6 bread rations
 l - 6 meat rations
 B - 7 beef jerkies


   Skills:
 + Level 7.1 Fighting
 * Level 11.3 Long Blades
   Level 3.4(3.6) Axes
 + Level 1.3(2.6) Maces & Flails
 - Level 1.7 Throwing
 + Level 2.5 Armour
 + Level 8.1 Dodging
 + Level 0.5 Shields
 * Level 6.4 Summonings


You had 5 spell levels left.
You knew the following spells:

 Your Spells              Type           Power        Failure   Level  Hunger
a - Call Imp              Summ           #.......     1%          2    ###....
b - Summon Guardian Gole  Hex/Summ       #.......     17%         3    ####...


Dungeon Overview and Level Annotations

Branches:
Dungeon (9/15)             Temple (1/1) D:6            Lair (2/8) D:9
    Orc: D:9-12

Altars:
Ashenzari
Cheibriados
Dithmenos
Elyvilon
Fedhas
Gozag
Kikubaaqudgha
Makhleb
Nemelex Xobeh
Okawaru
Qazlal
Ru
Sif Muna
Trog
Vehumet
Xom
Yredelemnul
Zin
The Shining One

Shops:
D:4 *[=   D:8 [((}


Innate Abilities, Weirdness & Mutations

You have a pair of small horns on your head.
You are partially covered in large bone plates (AC +2, SH +2).
A weak demonic guardian rushes to your aid.
You may emit foul miasma when damaged in melee.
You are immune to rotting.
Your body sometimes deteriorates upon taking damage.
Your spells are a little easier to cast, but a little less powerful.
You expend magic power (3 MP) to strengthen your wands.


Message History

Casting: Summon Guardian Golem
Confirm with . or Enter, or press ? or * to list all spells.
A guardian golem appears, shielding your allies.
You feel sick.
You feel sick.
You feel sick.
You feel sick.
Your crimson imp closely misses the fire drake.
You feel sick.
Your guardian golem is engulfed in freezing vapours.
There is an open door here.
You feel sick.
You feel sick.
Your crimson imp blinks!
You feel sick. The fire drake breathes flames at you.
The blast of flame hits your guardian golem.
Your guardian golem resists.
The blast of flame hits you!
You die...

#........## #####.P##.# ##
#..#.## #. ##..#.# ##.##
######....# #...# ###
##.#P##..+#### ##...####.###
#........†...#
.#..†.†......#####...........##
#>...†......k'8.@............#
..............P#.##..........#
...........†..#####..........#
.......#..#.#P# #...........#
##...###.#.#### #..........##
#... ##### #######P#P## ##.#
#### .. ...


You could see a fire drake.

Vanquished Creatures
  Urug (Lair:1)
  The ghost of Conn321 the Bolt Thrower, an experienced CeAM of Ru (D:8)
  Pikel (D:8)
  A manticore (D:9)
  Maurice (D:8)
  A spiny frog (Lair:2)
  3 komodo dragons (Lair:1)
  A two-headed ogre (D:9)
  A slime creature (D:9)
  Prince Ribbit (D:5)
  13 yaks
  A basilisk (D:9)
  2 wolves (Lair:2)
  3 hippogriffs
  4 water moccasins
  7 porcupines
  3 orc warriors
  4 ogres
  5 sky beasts
  2 slaves (D:8)
  3 phantoms
  5 centaurs
  7 giant frogs
  4 killer bees
  2 orc priests (D:9)
  2 giant frog zombies
  3 crimson imps
  3 hounds
  2 giant frog skeletons
  A jelly (D:7)
  A centaur skeleton (D:8)
  4 orc wizards
  4 worker ants
  7 iguanas
  A hound zombie (D:8)
  A hound skeleton (D:8)
  15 river rats
  8 gnolls
  8 adders
  2 shadow imps
  An ooze (D:1)
  An adder zombie (D:7)
  4 adder skeletons
  A worm (D:5)
  7 giant geckos
  29 orcs
  12 bats
  A bat skeleton (D:4)
  5 giant cockroaches
  13 goblins
  13 hobgoblins
  5 jackals
  4 kobolds
  5 quokkas
  A ball python (D:3)
  3 giant newts
  12 rats
  2 plants
258 creatures vanquished.

Vanquished Creatures (collateral kills)
  A yak (Lair:2)
  A slave (D:8)
  A mummy (D:7)
  An adder (D:7)
  2 orcs
  A kobold (D:7)
7 creatures vanquished.

Vanquished Creatures (others)
  A slave (D:8)
  A killer bee (D:7)
  A shadow imp (D:8)
  2 bushes (D:9)
  4 fungi
  4 plants (D:9)
13 creatures vanquished.

Grand Total: 278 creatures vanquished

Notes
Turn   | Place    | Note
--------------------------------------------------------------
     0 | D:1      | matakusis the Demonspawn Gladiator began the quest for the Orb.
     0 | D:1      | Reached XP level 1. HP: 16/16 MP: 1/1
   229 | D:1      | Reached skill level 3 in Axes
   235 | D:1      | Gained mutation: You are partially covered in large bone plates (AC +2, SH +2). [demonic ancestry]
   235 | D:1      | Reached XP level 2. HP: 20/22 MP: 2/2
   930 | D:2      | Reached XP level 3. HP: 27/27 MP: 3/3
  1259 | D:2      | Upgraded the game from 0.17-a0-1534-gf98da79 to 0.17-a0-1545-gc1bb672
  1467 | D:3      | Reached skill level 1 in Armour
  1467 | D:3      | Gained mutation: A weak demonic guardian rushes to your aid. [demonic ancestry]
  1467 | D:3      | Reached XP level 4. HP: 29/34 MP: 4/4
  1892 | D:3      | Found an opulent altar of Gozag.
  2109 | D:4      | Found Dolac's Antique Armour Shoppe.
  2127 | D:4      | Got a fine great sword
  2128 | D:4      | Identified the +8 great sword of Revolt {venom, Str+3} (You found it on level 4 of the Dungeon)
  2163 | D:4      | Learned a level 2 spell: Call Imp
  2165 | D:4      | Noticed a phantom
  2189 | D:4      | Killed a phantom
  2189 | D:4      | Reached skill level 1 in Long Blades
  2189 | D:4      | Reached skill level 4 in Dodging
  2189 | D:4      | Reached XP level 5. HP: 29/39 MP: 5/5
  2202 | D:4      | Found an ancient bone altar of Kikubaaqudgha.
  2238 | D:4      | Reached skill level 1 in Summonings
  2347 | D:4      | Noticed a phantom
  2374 | D:4      | Killed a phantom
  2374 | D:4      | Reached skill level 1 in Maces & Flails
  2374 | D:4      | Reached XP level 6. HP: 43/46 MP: 6/6
  2390 | D:4      | Found Uczir's General Store.
  2581 | D:4      | Found Suhas's Jewellery Shoppe.
  2696 | D:4      | Noticed an ogre
  2701 | D:4      | Killed an ogre
  2779 | D:4      | Bought a transparent robe for 142 gold pieces
  2789 | D:4      | Identified the +1 robe "Zonushrui" {rElec rF- SInv} (You bought it in a shop on level 4 of the Dungeon)
  2812 | D:5      | Entered Level 5 of the Dungeon
  2924 | D:5      | Gained mutation: You are immune to rotting. [demonic ancestry]
  2924 | D:5      | Reached XP level 7. HP: 11/52 MP: 7/7
  3372 | D:5      | Noticed Prince Ribbit
  3380 | D:5      | Killed Prince Ribbit
  4258 | D:6      | Reached skill level 5 in Dodging
  4258 | D:6      | Gained mutation: You may emit foul miasma when damaged in melee. [demonic ancestry]
  4258 | D:6      | Reached XP level 8. HP: 58/60 MP: 8/8
  4270 | D:6      | Found a glowing silver altar of Zin.
  4500 | D:6      | Reached skill level 5 in Long Blades
  4644 | D:6      | Found a staircase to the Ecumenical Temple.
  4656 | Temple   | Entered the Ecumenical Temple
  4797 | Temple   | Became a worshipper of Qazlal Stormbringer
  5013 | D:7      | Found a shattered altar of Ashenzari.
  5342 | D:6      | Upgraded the game from 0.17-a0-1545-gc1bb672 to 0.17-a0-1554-g3b847ca
  5496 | D:7      | Upgraded the game from 0.17-a0-1554-g3b847ca to 0.17-a0-1617-gfba1302
  5535 | D:7      | Reached skill level 6 in Long Blades
  5650 | D:7      | Acquired Qazlal's first power
  5656 | D:7      | Found a sand-covered staircase.
  5978 | D:7      | Reached XP level 9. HP: 66/66 MP: 9/9
  6372 | D:7      | Reached skill level 7 in Long Blades
  6435 | D:8      | Noticed Maurice
  6456 | D:8      | Killed Maurice
  6468 | D:8      | Reached skill level 5 in Fighting
  6571 | D:8      | Noticed Pikel
  6576 | D:8      | Killed Pikel
  6576 | D:8      | Reached skill level 8 in Long Blades
  6979 | D:8      | Found Kage's Weapon Shoppe.
  7002 | D:8      | Found Agunenun's Antique Weapon Boutique.
  7124 | D:8      | Noticed Conn321's ghost (experienced CeAM)
  7144 | D:8      | Killed Conn321's ghost
  7144 | D:8      | Reached skill level 5 in Summonings
  7144 | D:8      | Gained mutation: You have a pair of small horns on your head. [demonic ancestry]
  7144 | D:8      | Reached XP level 10. HP: 63/75 MP: 2/10
  7302 | D:8      | Found a snail-covered altar of Cheibriados.
  7303 | D:8      | Found an iron altar of Okawaru.
  7362 | D:8      | Found Ebufuop's Gadget Shop.
  7449 | D:8      | Found Vearphaf's Armour Emporium.
  7478 | D:8      | Found a glowing golden altar of the Shining One.
  7688 | D:9      | Acquired Qazlal's second power
  7725 | D:9      | Reached skill level 9 in Long Blades
  7736 | D:9      | Gained mutation: Your mind is acute. (Int +2) [mutagenic meat]
  7737 | D:9      | Gained mutation: You have sharp toenails. [mutagenic meat]
  7738 | D:9      | Gained mutation: Scrolls take you a little longer to read. [mutagenic meat]
  7740 | D:9      | Gained mutation: Scrolls take you longer to read. [mutagenic meat]
  7741 | D:9      | Lost mutation: Scrolls take you longer to read. [potion of cure mutation]
  7741 | D:9      | Lost mutation: Your mind is acute. (Int +2) [potion of cure mutation]
  7741 | D:9      | Lost mutation: Scrolls take you a little longer to read. [potion of cure mutation]
  7741 | D:9      | Lost mutation: You have sharp toenails. [potion of cure mutation]
  7868 | D:9      | Gained mutation: Your spells are a little easier to cast, but a little less powerful. [mutagenic meat]
  7869 | D:9      | Gained mutation: You expend magic power (3 MP) to strengthen your wands. [mutagenic meat]
  7870 | D:9      | Gained mutation: Your body sometimes deteriorates upon taking damage. [mutagenic meat]
  8005 | D:9      | Found a staircase to the Lair.
  8034 | D:9      | Reached skill level 10 in Long Blades
  8183 | D:9      | Noticed a manticore
  8194 | D:9      | Killed a manticore
  8764 | Lair:1   | Entered Level 1 of the Lair of Beasts
  8774 | Lair:1   | Acquired Qazlal's third power
  8774 | Lair:1   | Reached XP level 11. HP: 37/83 MP: 11/11
  9009 | Lair:1   | Noticed Urug
  9019 | Lair:1   | Killed Urug
  9430 | Lair:1   | Reached skill level 11 in Long Blades
  9641 | Lair:1   | Learned a level 3 spell: Summon Guardian Golem
  9896 | Lair:2   | Killed from afar by a fire drake

Vault maps used:
D:1:      sevenhm_arrival_forest_fort_large_2, minmay_misc_feat_plants,
          kennysheep_small_spiral
D:3:      nicolae_overflow_hidden_temple, minivault_14
D:4:      kiku_gazebo_garden_becter, serial_shops, kennysheep_mini, shop,
          kennysheep_little_box
D:5:      first_bread, uniq_prince_ribbit1
D:6:      zin_scriptorium, minmay_temple_entry_overgrown
D:7:      cheibrodos_ashenzari_chains, gup_ossuary_entry_pyramid,
          grunt_ogre_cave, roderic_roman_lattice
D:8:      nicolae_tso_swordbearing_angel, gammafunk_temple_overflow_wave,
          serial_shops, nicolae_shop_waterfront, shop_fountains, shop, shop,
          corexii_leaking_fountain, due_unseen_surprise, uniq_pikel,
          uniq_maurice
D:9:      minmay_curly_fans, minmay_lair_entry_grove, serial_column_ruins,
          column_ruins_hut_pillars, column_ruins_columns_corner,
          column_ruins_grid_2, column_ruins_open_tiny, column_ruins_open_small,
          column_ruins_open_small, column_ruins_corridor_straight
Temple:   water_room_temple_b_12
Lair:1:   grunt_forest_small_clearing_treed, uniq_urug
Lair:2:   beast_lair_carwin_6

Action                   |  1- 3 |  4- 6 |  7- 9 | 10-12 || total
-------------------------+-------+-------+-------+-------++-------
Melee: War axe           |   103 |       |       |       ||   103
       Whip              |    42 |    52 |       |       ||    94
       Great sword       |       |    47 |   238 |   218 ||   503
 Cast: Call Imp          |       |       |    10 |     7 ||    17
       Summon Guardian G |       |       |       |     3 ||     3
  Use: Scroll            |       |     8 |     2 |     7 ||    17
       Potion            |       |       |       |     6 ||     6
 Stab: Sleeping          |       |       |     4 |       ||     4
       Distracted        |       |       |     3 |     1 ||     4
  Eat: Bread ration      |     1 |       |     1 |     1 ||     3
       Meat ration       |     1 |       |       |       ||     1
       Chunk             |       |       |     8 |    16 ||    24
